 Dungeon Crawl Stone Soup version 0.17-a0-1637-g5d65775 (webtiles) character file.

4411 LilCorpsy the Cleaver (level 10, -4/80 HPs)
             Began as a Formicid Fighter on Aug 7, 2015.
             Was a Priest of Okawaru.
             Killed from afar by Monkaria's ghost (25 damage)
             ... with an orb of energy
             ... on level 9 of the Dungeon.
             The game lasted 00:22:58 (9714 turns).

LilCorpsy the Cleaver (Formicid Fighter)            Turns: 9714, Time: 00:22:58

Health: -4/80      AC:  9    Str: 29    XL:     10   Next: 62%
Magic:  10/10      EV:  8    Int:  8    God:    Okawaru [***...]
Gold:   339        SH: 20    Dex: 10    Spells: 0 memorised, 9 levels left

rFire  . . .     SeeInvis +     q - +2 hand axe (flame)
rCold  + . .     Clarity  .     b - +0 scale mail
rNeg   + . .     SustAt   .     n - +2 large shield
rPois  .         Gourm    .     (helmet unavailable)
rElec  .         Spirit   .     f - +0 cloak
rCorr  .         Warding  +     (no gloves)
rMut   .         Stasis   +     (no boots)
MR     ++...                    k - amulet of Napsae {Ward +Fly rN+ MR+ Str+4 Int-2}
Stlth  ..........               c - ring of protection from cold
                                l - +3 ring of intelligence

@: very resistant to hostile enchantments, extremely unstealthy
A: permanent stasis, dig shafts and tunnels, four strong arms, antennae 3
a: Dig, Shaft Self, Heroism, Renounce Religion, Evoke Flight


You were on level 9 of the Dungeon.
You worshipped Okawaru.
Okawaru was most pleased with you.
You were hungry.

You visited 1 branch of the dungeon, and saw 9 of its levels.
You also visited: Sewer.

You collected 339 gold pieces.

Inventory:

Hand weapons
 q - a +2 hand axe of flaming (weapon)
Missiles
 h - 179 stones (quivered)
Armour
 b - a +0 scale mail (worn)
 f - a +0 cloak (worn)
 n - a +2 large shield (worn)
Rods
 u - a +0 lightning rod (14/14)
   (You found it on level 8 of the Dungeon)
Jewellery
 c - a ring of protection from cold (right hand)
 g - a cursed ring of loudness {unknown}
 k - the amulet of Napsae (around neck) {Ward +Fly rN+ MR+ Str+4 Int-2}
   (You found it on level 8 of the Dungeon)

   [amulet of warding]

   It may prevent the melee attacks of summoned creatures.
   It affects your strength (+4).
   It affects your intelligence (-2).
   It protects you from negative energy.
   It affects your resistance to hostile enchantments.
   It lets you fly.
 l - a +3 ring of intelligence (left hand)
 y - a +3 ring of evasion {unknown}
Scrolls
 a - 3 scrolls of identify
 d - a scroll of recharging
 o - 4 scrolls of remove curse
 r - a scroll of fear
 t - 4 scrolls of magic mapping
Potions
 j - 2 potions of magic
 m - 3 potions of invisibility
 p - a potion of curing
 w - a potion of brilliance
 x - a potion of heal wounds
Books
 s - a book of Transfigurations

   Spells                             Type                      Level
   a - Stoneskin                      Transmutation/Earth          2
   b - Irradiate                      Conjuration/Transmutation    5
   c - Statue Form                    Transmutation/Earth          6
   d - Hydra Form                     Transmutation                6
   e - Dragon Form                    Transmutation                7
Comestibles
 e - 4 bread rations
 i - 2 beef jerkies
 v - a slice of pizza
 z - a meat ration


   Skills:
 + Level 7.9 Fighting
 * Level 9.8 Axes
 + Level 7.7 Armour
 + Level 8.8 Shields


You had 9 spell levels left.
You didn't know any spells.

Dungeon Overview and Level Annotations

Branches:
Dungeon (9/15)             Temple (0/1) D:5
   Lair: D:8-11         Orc: D:9-12

Altars:
Elyvilon
Fedhas
Nemelex Xobeh
Okawaru
Trog

Annotations:
D:9 Monkaria's ghost, experienced DECj


Innate Abilities, Weirdness & Mutations

You are under a permanent stasis effect.
You can dig through walls and to a lower floor.
Your four strong arms can wield two-handed weapons with a shield.
You have a pair of large antennae on your head (SInv).


Message History

The orb of energy hits you!
You hit Monkaria's ghost but do no damage.
Monkaria's ghost is heavily damaged.
You slash Monkaria's ghost!
Monkaria's ghost is severely damaged.
Monkaria's ghost casts a spell at you. The orb of energy hits you!
* * * LOW HITPOINT WARNING * * *
The orb of energy explodes!
You hit Monkaria's ghost.
Monkaria's ghost is severely damaged.
Monkaria's ghost hits you but does no damage.
You barely miss Monkaria's ghost.
Monkaria's ghost is severely damaged.
You block Monkaria's ghost's attack.
You miss Monkaria's ghost.
Monkaria's ghost is severely damaged.
Monkaria's ghost points at you and mumbles some strange words.
The orb of energy hits you!
You die...

#. #. ##.## ...#
# ..# #. #.# #
#.######.##.#
...##.<..†(.÷<..#
#....W@)[(.....#
"..##.####.#.##.#
# #.#.# .# #.#..
# #.#..# ?.....
.#....# Z .


You could see Monkaria's ghost.

Vanquished Creatures
  The ghost of LilCorpsy the Shield-Bearer, an experienced FoFi (D:5)
  A troll (D:9)
  A two-headed ogre (D:8)
  A wyvern (D:8)
  Sigmund (D:5)
  Eustachio (D:6)
  The ghost of Gargoyl the Skirmisher, an average GrBe of Trog (D:3)
  Duvessa (D:4)
  2 orc warriors (D:8)
  A black bear (D:8)
  4 centaurs
  2 ice beasts
  2 ogres (D:5)
  2 big kobolds
  Blork the orc (D:6)
  5 giant frogs
  Dowan (D:4)
  6 crimson imps
  A giant frog zombie (D:6)
  5 hounds
  2 orc wizards
  5 orc priests
  2 centaur zombies
  3 giant frog skeletons
  A jelly (D:8)
  6 worker ants
  A killer bee zombie (D:5)
  2 hound skeletons
  21 adders
  5 river rats (Sewer)
  6 gnolls
  A shadow imp (D:7)
  An ooze (Sewer)
  An adder zombie (D:5)
  An adder skeleton (D:7)
  3 worms
  6 giant geckos
  22 orcs
  5 bats
  12 giant cockroaches
  11 goblins
  7 hobgoblins
  18 jackals
  18 kobolds
  2 quokkas
  12 ball pythons
  12 giant newts
  A quokka skeleton (D:9)
  A quokka zombie (D:6)
  33 rats
261 creatures vanquished.

Vanquished Creatures (collateral kills)
  A shadow imp (D:8)
1 creature vanquished.

Vanquished Creatures (others)
  A plant (D:4)
1 creature vanquished.

Grand Total: 263 creatures vanquished

Notes
Turn   | Place    | Note
--------------------------------------------------------------
     0 | D:1      | LilCorpsy the Formicid Fighter began the quest for the Orb.
     0 | D:1      | Reached XP level 1. HP: 18/18 MP: 1/1
   261 | D:1      | Reached XP level 2. HP: 24/24 MP: 2/2
   614 | D:1      | Reached XP level 3. HP: 29/29 MP: 3/3
   616 | D:1      | Reached skill level 4 in Shields
  1107 | D:2      | Reached XP level 4. HP: 30/37 MP: 4/4
  1167 | D:2      | Found a blossoming altar of Fedhas.
  1273 | D:2      | Found a bloodstained altar of Trog.
  1273 | D:2      | Found a blossoming altar of Fedhas.
  1273 | D:2      | Found a sparkling altar of Nemelex Xobeh.
  1571 | D:3      | Found a faded altar to an unknown god.
  1743 | D:3      | Reached XP level 5. HP: 42/42 MP: 5/5
  1827 | D:3      | Noticed Gargoyl's ghost (average GrBe)
  1840 | D:3      | HP: 2/42 [Gargoyl's ghost (7)]
  1846 | D:3      | Killed Gargoyl's ghost
  1846 | D:3      | Reached XP level 6. HP: 16/48 MP: 6/6
  2525 | D:4      | Found a glowing drain.
  2534 | Sewer    | Entered a sewer
  2566 | Sewer    | Reached skill level 5 in Shields
  2987 | Sewer    | Reached XP level 7. HP: 44/55 MP: 7/7
  3346 | Sewer    | Reached skill level 5 in Axes
  3740 | D:4      | Noticed Dowan
  3741 | D:4      | Noticed Duvessa
  3763 | D:4      | Killed Duvessa
  3765 | D:4      | Reached skill level 5 in Armour
  3783 | D:4      | Killed Dowan
  3783 | D:4      | Reached skill level 5 in Fighting
  3813 | D:4      | Reached XP level 8. HP: 22/62 MP: 8/8
  4168 | D:4      | Found an iron altar of Okawaru.
  4181 | D:4      | Became a worshipper of Warmaster Okawaru
  4317 | D:4      | Reached skill level 6 in Axes
  4448 | D:5      | Entered Level 5 of the Dungeon
  4738 | D:5      | Acquired Okawaru's first power
  5010 | D:5      | Noticed Sigmund
  5030 | D:5      | Killed Sigmund
  5030 | D:5      | Reached skill level 7 in Axes
  5030 | D:5      | Reached XP level 9. HP: 40/69 MP: 9/9
  5242 | D:5      | Found a staircase to the Ecumenical Temple.
  5297 | D:5      | Noticed LilCorpsy's ghost (experienced FoFi)
  5313 | D:5      | Killed LilCorpsy's ghost
  6333 | D:6      | Reached skill level 8 in Axes
  6638 | D:6      | Found a white marble altar of Elyvilon.
  6861 | D:6      | Noticed Eustachio
  6878 | D:6      | Killed Eustachio
  6895 | D:6      | Noticed Blork the orc
  6909 | D:6      | Killed Blork the orc
  7686 | D:7      | Reached XP level 10. HP: 79/79 MP: 10/10
  8121 | D:7      | Reached skill level 9 in Axes
  8362 | D:8      | Got an ancient garnet amulet
  8603 | D:8      | Identified the amulet of Napsae {Ward +Fly rN+ MR+ Str+4 Int-2} (You found it on level 8 of the Dungeon)
  9674 | D:9      | Noticed Monkaria's ghost (experienced DECj)
  9714 | D:9      | Killed from afar by Monkaria's ghost

Vault maps used:
D:1:      minmay_arrival_radiant_lines
D:2:      gammafunk_temple_overflow_forgotten, first_bread, fedhas_altar_4
D:3:      ecumenical_altar_1
D:4:      lemuel_round_altar, serial_bayou, serial_bayou_pond_c,
          serial_bayou_pond_c, serial_bayou_pond_e, serial_bayou_lagoon_a,
          gup_sewer_entry_bubbles, uniq_duvessa
D:5:      minmay_temple_entry_overgrown, uniq_sigmund
D:6:      lemuel_doored_altar, uniq_blork_the_orc, uniq_eustachio
D:9:      kennysheep_little_box, vehumet_statue, st_stairs_3, david_nohive_1,
          uniq_prince_ribbit1
Sewer:    sewer_minmay_w

Action                   |  1- 3 |  4- 6 |  7- 9 | 10-12 || total
-------------------------+-------+-------+-------+-------++-------
Melee: War axe           |   120 |    13 |       |       ||   133
       Hand axe          |       |   206 |   433 |   261 ||   900
Throw: Stone             |       |       |     1 |     2 ||     3
  Use: Potion            |       |     6 |     9 |     3 ||    18
       Scroll            |       |       |    13 |     4 ||    17
  Eat: Meat ration       |       |     1 |     1 |     1 ||     3
       Beef jerky        |       |     1 |     2 |       ||     3
       Fruit             |       |       |     6 |       ||     6
       Bread ration      |       |       |     1 |       ||     1
